Map: New Gettysburg LE

Players

llllllllllll - Winner!

  • Race: Protoss Protoss
  • League: Gold

juzaaaa

  • Race: Protoss Protoss

VOD

Have the link to the VOD?

Description

Time

  • Played on: Sept. 13, 2016, 10:56 p.m.
  • Length: 16:41
Show
View Real Time Build Order
Export as new Build Order

llllllllllll Protoss - Winner!

Build Orders: 1 Gate Expand 

Get SALT Encoding   

  12  0:01  Probe (Chrono Boost)  
  13  0:12  Probe (Chrono Boost)  
  14  0:22  Probe (Chrono Boost)  
  14  0:27  Pylon  
  15  0:45  Probe (Chrono Boost)  
  15  0:46  Gateway  
  16  0:55  Probe (Chrono Boost)  
  16  0:56  Assimilator  
  17  1:00  Assimilator  
  17  1:06  Probe (Chrono Boost)  
  18  1:18  Probe (Chrono Boost)  
  19  1:29  Probe (Chrono Boost)  
  20  1:37  Nexus  
  20  1:43  Probe (Chrono Boost)  
  21  1:53  Cybernetics Core  
  21  1:58  Probe (Chrono Boost)  
  22  2:05  Pylon  
  22  2:14  Probe (Chrono Boost)  
  23  2:25  Forge  
  24  2:31  Mothership Core (Chrono Boost)  
  24  2:35  Stalker  
  27  2:49  Probe (Chrono Boost)  
  27  2:50  Probe (Chrono Boost)  
  29  3:00  Probe x2 (Chrono Boost)  
  31  3:07  Assimilator  
  31  3:10  Probe (Chrono Boost)  
  31  3:11  Probe (Chrono Boost)  
  33  3:21  Probe x2 (Chrono Boost)  
  35  3:28  Pylon  
  35  3:32  Probe x2 (Chrono Boost)  
  37  3:36  Assimilator  
  37  3:37  Pylon  
  37  3:41  Pylon  
  37  3:42  Probe x2 (Chrono Boost)  
  33  4:02  Photon Cannon  
  30  4:15  Photon Cannon  
  30  4:16  Probe (Chrono Boost)  
  31  4:20  Probe (Chrono Boost)  
  32  4:37  Stargate  
  32  4:39  Stargate  
  32  4:40  Probe (Chrono Boost)  
  32  4:45  Probe (Chrono Boost)  
  34  4:51  Probe (Chrono Boost)  
  35  4:55  Probe (Chrono Boost)  
  36  5:02  Probe (Chrono Boost)  
  36  5:06  Probe (Chrono Boost)  
  38  5:12  Stargate  
  38  5:16  Probe (Chrono Boost)  
  39  5:25  Probe (Chrono Boost)  
  39  5:27  Probe (Chrono Boost)  
  41  5:31  Phoenix x2  
  45  5:36  Probe (Chrono Boost)  
  47  5:43  Probe (Chrono Boost)  
  47  5:47  Probe (Chrono Boost)  
  48  5:53  Probe (Chrono Boost)  
  48  5:56  Phoenix x2  
  48  5:57  Phoenix  
  55  6:07  Photon Cannon  
  55  6:21  Phoenix x2  
  55  6:25  Probe (Chrono Boost)  
  60  6:26  Probe (Chrono Boost)  
  61  6:34  Phoenix  
  61  6:36  Probe x2 (Chrono Boost)  
  65  6:46  Phoenix x2  
  69  6:47  Probe (Chrono Boost)  
  70  6:57  Pylon  
  70  6:58  Pylon  
  70  7:15  Phoenix  
  72  7:19  Fleet Beacon, Phoenix x2  
  76  7:33  Nexus  
  76  7:40  Phoenix  
  79  8:14  Carrier x2  
  79  8:16  Graviton Catapult  
  82  8:25  Probe (Chrono Boost)  
  83  8:30  Photon Cannon  
  83  8:32  Pylon  
  83  8:36  Probe (Chrono Boost), Pylon  
  83  8:38  Pylon  
  84  8:42  Carrier  
  88  9:00  Probe (Chrono Boost)  
  89  9:07  Assimilator  
  89  9:10  Probe (Chrono Boost)  
  90  9:17  Assimilator  
  90  9:39  Carrier  
  90  9:40  Carrier  
  90  9:43  Probe (Chrono Boost)  
  103  9:51  Pylon  
  103  9:53  Probe (Chrono Boost), Pylon  
  103  9:56  Pylon  
  103  9:57  Carrier  
  104  10:00  Stargate  
  104  10:04  Probe (Chrono Boost)  
  111  10:14  Probe (Chrono Boost)  
  108  10:40  Probe (Chrono Boost)  
  109  10:51  Probe (Chrono Boost)  
  109  10:53  Nexus  
  109  10:54  Carrier  
  116  11:05  Carrier x2  
  124  11:11  Carrier  
  130  11:34  Probe (Chrono Boost)  
  130  11:37  Pylon  
  131  11:44  Probe (Chrono Boost)  
  128  12:19  Carrier  
  134  12:26  Carrier  
  134  12:31  Carrier x2  
  134  13:41  Probe (Chrono Boost)  
  141  13:51  Probe (Chrono Boost)  
  142  13:56  Carrier  
  142  13:57  Stargate x2, Assimilator  
  142  13:59  Carrier, Assimilator  
  142  14:00  Stargate  
  142  14:02  Probe (Chrono Boost)  
  149  14:09  Oracle  
  149  14:11  Carrier  
  158  14:25  Pylon  
  158  14:31  Pylon  
  158  14:45  Void Ray, Carrier  
  158  14:46  Void Ray x2  
  158  15:14  Carrier  
  170  15:28  Void Ray x2  
  170  15:29  Void Ray  
  179  15:36  Void Ray  
  183  15:44  Pylon  
  183  15:58  Probe (Chrono Boost)  
  184  16:09  Probe (Chrono Boost)  
  193  16:19  Probe (Chrono Boost)  
  194  16:30  Probe (Chrono Boost)  
Show
View Real Time Build Order
Export as new Build Order

juzaaaa Protoss 

Build Orders: Oracle Opening 

Get SALT Encoding   

  12  0:02  Probe (Chrono Boost)  
  13  0:15  Pylon  
  13  0:19  Probe (Chrono Boost)  
  14  0:33  Gateway  
  14  0:37  Assimilator  
  14  0:45  Assimilator  
  14  0:47  Probe (Chrono Boost)  
  15  0:59  Pylon  
  15  1:03  Probe (Chrono Boost)  
  16  1:14  Probe (Chrono Boost)  
  17  1:24  Probe (Chrono Boost)  
  18  1:26  Cybernetics Core  
  18  1:35  Probe (Chrono Boost)  
  19  1:47  Probe (Chrono Boost)  
  20  1:58  Probe (Chrono Boost)  
  21  2:03  Stargate  
  21  2:09  Mothership Core (Chrono Boost)  
  21  2:13  Warp Gate  
  23  2:20  Adept  
  25  2:27  Probe (Chrono Boost)  
  26  2:32  Pylon  
  26  2:38  Probe (Chrono Boost)  
  26  2:42  Oracle  
  30  2:52  Pylon  
  30  3:13  Oracle  
  30  3:15  Stalker  
  30  3:19  Probe (Chrono Boost)  
  36  3:31  Probe (Chrono Boost)  
  37  3:36  Pylon  
  37  3:43  Probe (Chrono Boost)  
  33  3:48  Stalker  
  40  4:08  Probe (Chrono Boost)  
  41  4:11  Nexus  
  41  4:14  Pylon  
  41  4:18  Stalker  
  41  4:20  Probe (Chrono Boost)  
  44  4:33  Probe (Chrono Boost)  
  44  4:36  Pylon  
  44  4:45  Probe (Chrono Boost)  
  45  4:46  Void Ray  
  49  4:57  Probe (Chrono Boost)  
  49  4:59  Pylon  
  50  5:09  Probe (Chrono Boost)  
  48  5:23  Probe (Chrono Boost)  
  48  5:25  Probe (Chrono Boost)  
  50  5:28  Forge  
  50  5:30  Stalker  
  50  5:32  Void Ray  
  50  5:34  Probe (Chrono Boost)  
  54  5:37  Probe (Chrono Boost)  
  58  5:44  Probe (Chrono Boost)  
  58  5:48  Forge  
  58  5:49  Probe (Chrono Boost)  
  60  5:52  Assimilator  
  60  5:54  Assimilator  
  60  5:56  Probe (Chrono Boost)  
  61  5:59  Sentry  
  61  6:03  Protoss Ground Weapons Level 1  
  60  6:22  Fleet Beacon  
  60  6:27  Probe (Chrono Boost)  
  60  6:28  Probe (Chrono Boost)  
  62  6:34  Photon Cannon  
  62  6:36  Photon Cannon  
  63  6:40  Probe (Chrono Boost)  
  63  6:41  Probe (Chrono Boost)  
  63  6:43  Stargate  
  64  6:49  Oracle, Protoss Shields Level 1  
  64  6:52  Probe x2 (Chrono Boost)  
  65  7:15  Photon Cannon  
  65  7:20  Photon Cannon, Tempest  
  69  7:36  Photon Cannon  
  69  7:40  Photon Cannon  
  69  7:44  Graviton Catapult  
  61  7:58  Stalker  
  63  8:02  Tempest  
  59  8:10  Probe (Chrono Boost)  
  59  8:11  Probe (Chrono Boost)  
  65  8:20  Probe (Chrono Boost)  
  65  8:23  Probe (Chrono Boost)  
  67  8:29  Protoss Air Weapons Level 1  
  67  8:31  Probe (Chrono Boost)  
  69  8:36  Probe (Chrono Boost)  
  69  8:40  Tempest  
  69  8:42  Probe (Chrono Boost)  
  69  8:48  Probe (Chrono Boost)  
  72  8:52  Probe (Chrono Boost)  
  70  9:00  Probe (Chrono Boost)  
  72  9:03  Probe (Chrono Boost)  
  72  9:06  Photon Cannon  
  72  9:12  Tempest  
  76  9:19  Probe (Chrono Boost)  
  76  9:20  Probe (Chrono Boost)  
  73  9:36  Photon Cannon, Probe (Chrono Boost)  
  73  9:38  Probe (Chrono Boost)  
  75  9:43  Stalker  
  77  9:47  Probe (Chrono Boost)  
  77  9:50  Probe (Chrono Boost)  
  79  9:55  Carrier  
  79  9:57  Probe (Chrono Boost)  
  86  10:01  Probe (Chrono Boost)  
  87  10:12  Probe (Chrono Boost)  
  88  10:14  Tempest  
  91  10:22  Probe (Chrono Boost)  
  87  10:35  Nexus  
  87  10:42  Pylon  
  87  10:47  Pylon  
  87  10:50  Probe (Chrono Boost)  
  87  10:51  Probe (Chrono Boost)  
  89  11:01  Probe x2 (Chrono Boost)  
  86  11:12  Carrier, Probe (Chrono Boost)  
  86  11:14  Probe (Chrono Boost)  
  94  11:22  Probe (Chrono Boost)  
  94  11:23  Protoss Air Armor Level 1  
  94  11:25  Probe (Chrono Boost)  
  96  11:39  Tempest  
  98  11:52  Photon Cannon  
  97  11:59  Probe (Chrono Boost)  
  97  12:00  Photon Cannon, Probe (Chrono Boost)  
  100  12:01  Probe (Chrono Boost)  
  98  12:16  Probe (Chrono Boost)  
  98  12:17  Probe x2 (Chrono Boost)  
  99  12:24  Stalker  
  99  12:27  Probe x3 (Chrono Boost)  
  103  12:38  Probe x2 (Chrono Boost)  
  103  12:39  Probe (Chrono Boost)  
  104  12:48  Probe (Chrono Boost)  
  104  12:49  Probe x2 (Chrono Boost)  
  107  12:59  Probe x2 (Chrono Boost)  
  109  13:08  Photon Cannon  
  107  13:32  Nexus  
  107  13:35  Pylon  
  107  13:37  Pylon  
  107  13:53  Photon Cannon  
  107  13:56  Pylon  
  107  13:59  Pylon  
  107  14:13  Photon Cannon  
  107  14:14  Probe x2 (Chrono Boost)  
  109  14:17  Carrier  
  115  14:25  Probe x2 (Chrono Boost)  
  115  14:30  Photon Cannon  
  117  14:35  Probe (Chrono Boost)  
  118  14:43  Void Ray, Probe (Chrono Boost)  
  123  14:46  Probe (Chrono Boost)  
  123  14:48  Assimilator  
  123  14:52  Probe (Chrono Boost)  
  125  14:53  Assimilator  
  125  14:54  Probe (Chrono Boost), Stalker  
  125  14:56  Probe (Chrono Boost)  
  129  15:02  Probe (Chrono Boost)  
  129  15:04  Probe (Chrono Boost)  
  133  15:07  Mothership Core (Chrono Boost)  
  131  15:29  Stalker  
  133  15:52  Nexus  
  133  15:54  Pylon  
  133  15:58  Pylon  
  133  16:00  Photon Cannon, Stargate  
  133  16:01  Photon Cannon  
  133  16:12  Pylon  
  133  16:13  Pylon  
  141  16:25  Photon Cannon  
  133  16:34  Photon Cannon  
Tags
 
Add a new tag
Caveats
  • Supply blocks, unpowered buildings, or Contaminate may cause inaccurate times.
  • Supply counts are checked every 10 seconds.